Workbook
Name A: [1]Data!$F$1:$F$65536
Name AA: [2]Data!$F$1:$F$65536
Name ACCT_CODE: [3]Data!$F$1:$F$65536
Name ACTV_CODE: [3]Data!$E$1:$E$65536
Name CARGO: #REF!
Name CARGO1: [4]Base!$B$12
Name cuadrilla: #REF!
Name DEPARTAMENTO: [5]TRANSACCIONES!#REF!
Name DEPTO: #REF!
Name desc_rps: [6]des_rps!$A$1:$A$364
Name Días: OFFSET([7]Reporte!#REF!,1,0,COUNTA([7]Reporte!$R$36:$R$190)-COUNTIF([7]Reporte!$R$36:$R$71,"")+1,1)
Name equipo: #REF!
Name Etapa: OFFSET([7]Reporte!#REF!,1,0,COUNTA([7]Reporte!$R$36:$R$190)-COUNTIF([7]Reporte!$R$36:$R$71,"")+1,1)
Name FECHA: #REF!
Name FUND_CODE: [3]Data!$C$1:$C$65536
Name ListaDeCategorías: [8]Configuración!$B$5:$B$11
Name MAESTRO: #REF!
Name MATERIALES: #REF!
Name MPIO: #REF!
Name NOMBRE1: [4]Base!$B$11
Name NombreTabla: "Dummy"
Name NUMPROY: #REF!
Name OBRERO: #REF!
Name OFICIAL: #REF!
Name ORG_CODE: [3]Data!$D$1:$D$65536
Name PAIS: #REF!
Name PAYEE_FLAG: [3]Data!$I$1:$I$65536
Name Presupuesto: [5]TRANSACCIONES!#REF!
Name PROY: #REF!
Name PROYECTO: #REF!
Name REPRE: #REF!
Name SAL_MIN: #REF!
Name SPARE_CODE: [3]Data!$G$1:$G$65536
Name SUBLINE_CODE: [3]Data!$H$1:$H$65536
Name TítuloDeColumna2: [8]!TablaDeCategoríasYEmpleados[[#Headers],[Nombre de categoría]]
Name TOTAL_DIRECTO: #REF!
Name TRANS_TYPE: [3]Data!$B$1:$B$65536
Name unidades: [6]Listado!$AI$2:$AI$85
Name zzz: #REF!

Sheet RESUMEN
B2: CONVENIO | C2: VALOR CONVENIO | D2: EJECUCIÓN | E2: OVERHEAD Y COSTOS OPERATIVOS ACUMULADOS | F2: % COSTOS OPERATIVOS SOBRE LA EJECUCIÓN
B3: CONVENIO 1278 FAO | C3: =+INFORMACIÓN!D2 -> 20250000000 | D3: =+INFORMACIÓN!D3 -> 1.9263423e+10 | E3: =+INFORMACIÓN!E8 -> 2.6078268e+09 | F3: =+RESUMEN!$E3/RESUMEN!$D3 -> 0.13537713
B4: CONVENIO 1410 FAO(PRODUCTO 4) | C4: =+INFORMACIÓN!D13 -> 4.25e+09 | D4: =+INFORMACIÓN!D14 -> 5.5272892e+09 | E4: =+INFORMACIÓN!E19 -> 5.8315678e+08 | F4: =+RESUMEN!$E4/RESUMEN!$D4 -> 0.10550502
B5: CONVENIO 951 PNUD | C5: =+INFORMACIÓN!D25 -> 46341661087 | D5: =+INFORMACIÓN!D26 -> 4.7795018e+10 | E5: =+INFORMACIÓN!E32 -> 4.8521853e+09 | F5: =+RESUMEN!$E5/RESUMEN!$D5 -> 0.10152073
B6: Nota: los costos de overhead y operativos aquí relacioandos estan a fecha del ultimo reporte financiero remitido por cada socio

Sheet CONVENIO NUEVO GASTOS OPERATIVO
C1: CONVENIO 1278
C2: PRESUPUESTO | D2: 20250000000
C3: EJECUTADO A 31 DE ENERO DEL 2022 | D3: 1.9263423e+10
C4: LINEA DEL GASTO | D4: DESCRIPCION DEL GASTO | E4: EJECUTADO
C5: 5050- GASTOS OPERATIVOS INTERNAL | D5: COSTOS DE OPERATIVOS DE SOPORTE TECNOLOGICO | E5: 5.2538302e+08
C6: 5029- COSTOS DE SOPORTE PROYECTO | D6: COSTOS DE SOPORTE -OVERHEAD | E6: 1.2599353e+09
C7: 5027- SOPORTE TECNICO (tss) | D7: ACOMPAÑAMIENTO TECNICO ESPECIALIZADO-EVALUACION | E7: 822508440
E8: =+SUM(E5:E7) -> 2.6078268e+09
E9: % sobe el valor ejecutado
E10: =+E8/D3 -> 0.13537713
C12: CONVENIO 1410 (PRODCUTO 4)
C13: PRESUPUESTO | D13: 4.25e+09
C14: EJECUTADO A 31 DE ENERO DEL 2021 | D14: 5.5272892e+09
C15: LINEA DEL GASTO | D15: DESCRIPCION DEL GASTO | E15: EJECUTADO
C16: 5029- COSTOS DE SOPORTE PROYECTO | D16: COSTOS DE SOPORTE | E16: 3.6159836e+08
C17: 5050- GASTOS OPERATIVOS INTERNAL | D17: COSTOS DE OPERATIVOS DE SOPORTE TECNOLOGICO | E17: 26244508
C18: 5014- CONTRACTS | D18: COSTOS ASOCIADOS AL PAGO DEL FEE OPERADOR | E18: =3316025708.9*5.89% -> 1.9531391e+08
D19: Total | E19: =+SUM(E16:E18) -> 5.8315678e+08
E20: % sobe el valor ejecutado
E21: =+E19/D14 -> 0.10550502
C24: CONVENIO 951
C25: EJECUTADO A 31 DE ENERO DEL 2021 | D25: 10189515600
C26: LINEA DEL GASTO | D26: DESCRIPCION DEL GASTO | E26: EJECUTADO
C27: Costos Admon - Regional | E27: =+$E$31*F27 -> 2.7016917e+08 | F27: 0.26117253
C28: DPC | E28: =+$E$31*F28 -> 89241288 | F28: 0.086269551
C29: Gestión de Proyecto | E29: =+$E$31*F29 -> 1.7510724e+08 | F29: 0.16927616
C30: GMS | E30: =+$E$31*F30 -> 4.9992941e+08 | F30: 0.48328175
D31: =+D25-E31 -> 9.1550685e+09 | E31: =+D25*E33 -> 1.0344471e+09
E32: % sobe el valor ejecutado
E33: 0.10152073

Sheet RESUMEN PROYECCION 
B4: RESUMEN PROYECCIONES COSTOS NUEVO CONVENIO PNUD
B6: Concepto de gasto | C6: Costo proyectado
B7: Puesta en marcha de puntos para la atención del barrido predial masivo bajo la coordinación de las UGT | C7: =+' COSTOS MENSUALES ITEM (1)'!F19 -> 1953600000 | D7: =+SUM(C7:C12)+C21 -> 7.5236283e+09
B8: Desarrollo de actividades de atención al público y soporte técnico al barrido predial en municipios priorizados | C8: =+' COSTOS MENSUALES ITEM (2)'!F19 -> 1.2714102e+09
B9: Transporte | C9: =+' COSTOS MENSUALES ITEM (3)'!F15 -> 840320000
B10: Soporte de alquiler de equipos para el desarrollo de barridos prediales masivos | C10: =+' COSTOS MENSUALES ITEM (4)'!F15 -> 1906185000
B11: Traslados expedientes y equipos topograficos | C11: =+' COSTOS MENSUALES ITEM (5)'!F17 -> 290000000
B12: Costos de montaje, seguimiento y monitoreo técnico del proyecto | C12: =+' COSTOS MENSUALES ITEM (6)'!F17 -> 1224000000
B13: Costo admon Operador 6% | C13: =+'COSTOS NOMINA OPERATIV PNUD '!B4 -> 4.514177e+08
B14: Costos Nomina Nacional 12 meses | C14: =+'COSTOS NOMINA OPERATIV PNUD '!B5 -> 1.0937035e+09
B15: Gastos de viaje | C15: =+'COSTOS NOMINA OPERATIV PNUD '!B6 -> 88500000
B16: Gastos de oficina | C16: =+'COSTOS NOMINA OPERATIV PNUD '!B7 -> 144000000 | D16: esta por definir
B17: DPC 2% | C17: =+'COSTOS NOMINA OPERATIV PNUD '!B8 -> 203790312
B18: GMS - general management services (5%) | C18: =+'COSTOS NOMINA OPERATIV PNUD '!B9 -> 509475780
B19: Evaluación Final | C19: =+'COSTOS NOMINA OPERATIV PNUD '!B10 -> 150000000
B20: Auditorias, Microevaluaciones | C20: =+'COSTOS NOMINA OPERATIV PNUD '!B11 -> 25000000
B21: Imprevistos | C21: =+' COSTOS MENSUALES ITEM (1)'!C5+' COSTOS MENSUALES ITEM (2)'!C5+' COSTOS MENSUALES ITEM (3)'!C5+' COSTOS MENSUALES ITEM (4)'!C5+' COSTOS MENSUALES ITEM (5)'!C5+' COSTOS MENSUALES ITEM (6)'!C5 -> 38113083
B22: Total Operación | C22: =+SUM(C7:C21) -> 1.0189516e+10 | D22: =+C6-C22 -> #VALUE!
C23: =+C25-C22 -> 0
B25: Recursos a deembolsar | C25: 10189515600
C26: % | D26: VALOR | E26: Se realizara el desembolso una vez se sobrepase el siguiente nivel de ejecución de recursos
B27: Primer desembolso | C27: 0.35 | D27: =+$C$25*C27 -> 3566330460
B28: Segundo desembolso | C28: 0.35 | D28: =+$C$25*C28 -> 3566330460 | E28: =+D28*50% -> 1783165230
B29: Tercer desembolso | C29: 0.3 | D29: =+$C$25*C29 -> 3056854680 | E29: =+(D27+D28)*70% -> 4992862644
D30: =SUM(D27:D29) -> 10189515600

Sheet INFORMACIÓN
C1: CONVENIO 1278
C2: PRESUPUESTO | D2: 20250000000
C3: EJECUTADO A 31 DE ENERO DEL 2022 | D3: 1.9263423e+10
C4: LINEA DEL GASTO | D4: DESCRIPCION DEL GASTO | E4: EJECUTADO
C5: 5050- GASTOS OPERATIVOS INTERNAL | D5: COSTOS DE OPERATIVOS DE SOPORTE TECNOLOGICO | E5: 5.2538302e+08
C6: 5029- COSTOS DE SOPORTE PROYECTO | D6: COSTOS DE SOPORTE -OVERHEAD | E6: 1.2599353e+09
C7: 5027- SOPORTE TECNICO (tss) | D7: ACOMPAÑAMIENTO TECNICO ESPECIALIZADO-EVALUACION | E7: 822508440
E8: =+SUM(E5:E7) -> 2.6078268e+09
E9: % sobe el valor ejecutado
E10: =+E8/D3 -> 0.13537713
C12: CONVENIO 1410 (PRODCUTO 4)
C13: PRESUPUESTO | D13: 4.25e+09
C14: EJECUTADO A 31 DE ENERO DEL 2021 | D14: 5.5272892e+09
C15: LINEA DEL GASTO | D15: DESCRIPCION DEL GASTO | E15: EJECUTADO
C16: 5029- COSTOS DE SOPORTE PROYECTO | D16: COSTOS DE SOPORTE | E16: 3.6159836e+08
C17: 5050- GASTOS OPERATIVOS INTERNAL | D17: COSTOS DE OPERATIVOS DE SOPORTE TECNOLOGICO | E17: 26244508
C18: 5014- CONTRACTS | D18: COSTOS ASOCIADOS AL PAGO DEL FEE OPERADOR | E18: =3316025708.9*5.89% -> 1.9531391e+08
D19: Total | E19: =+SUM(E16:E18) -> 5.8315678e+08
E20: % sobe el valor ejecutado
E21: =+E19/D14 -> 0.10550502
C24: CONVENIO 951
C25: PRESUPUESTO | D25: 46341661087
C26: EJECUTADO A 31 DE ENERO DEL 2021 | D26: 4.7795018e+10
C27: LINEA DEL GASTO | D27: DESCRIPCION DEL GASTO | E27: EJECUTADO
C28: Costos Admon - Regional | E28: 1.2672575e+09 | F28: 0.26117253
C29: DPC | E29: 4.1859585e+08 | F29: 0.086269551
C30: Gestión de Proyecto | E30: 8.2135932e+08 | F30: 0.16927616
C31: GMS | E31: 2.3449726e+09 | F31: 0.48328175
E32: =+SUM(E28:E31) -> 4.8521853e+09
E33: % sobe el valor ejecutado
E34: =+E32/D26 -> 0.10152073

Sheet ACITIVIDAD
A2: NO | B2: Ítem | C2: Total | D2: % | E2: Costos por linea PNUD | F2: Total actividad ajustada | G2: TOTAL | H2: Disponible
A3: 1 | B3: Puesta en marcha de puntos para la atención del barrido predial masivo bajo la coordinación de las UGT | C3: 2.6565156e+09 | D3: =+C3/$C$9 -> 0.26071069 | E3: =+D3*'COSTOS NOMINA OPERATIV PNUD '!$B$13 -> 6.9502531e+08 | F3: =+C3-E3 -> 1.9614903e+09 | G3: =+E3+F3 -> 2.6565156e+09 | H3: =+' COSTOS MENSUALES ITEM (1)'!C5 -> 7890288.6
A4: 2 | B4: Desarrollo de actividades de atención al público y soporte técnico al barrido predial en municipios priorizados | C4: 1725000000 | D4: =+C4/$C$9 -> 0.16929166 | E4: =+D4*'COSTOS NOMINA OPERATIV PNUD '!$B$13 -> 4.5131249e+08 | F4: =+C4-E4 -> 1.2736875e+09 | G4: =+E4+F4 -> 1725000000 | H4: =+' COSTOS MENSUALES ITEM (2)'!C5 -> 2277315.9
A5: 3 | B5: Transporte | C5: 1150000000 | D5: =+C5/$C$9 -> 0.11286111 | E5: =+D5*'COSTOS NOMINA OPERATIV PNUD '!$B$13 -> 3.0087499e+08 | F5: =+C5-E5 -> 8.4912501e+08 | G5: =+E5+F5 -> 1150000000 | H5: =+' COSTOS MENSUALES ITEM (3)'!C5 -> 8805008.7
A6: 4 | B6: Soporte de alquiler de equipos para el desarrollo de barridos prediales masivos | C6: 2585000000 | D6: =+C6/$C$9 -> 0.25369214 | E6: =+D6*'COSTOS NOMINA OPERATIV PNUD '!$B$13 -> 6.7631465e+08 | F6: =+C6-E6 -> 1.9086853e+09 | G6: =+E6+F6 -> 2585000000 | H6: =+' COSTOS MENSUALES ITEM (4)'!C5 -> 2500345.6
A7: 5 | B7: Traslados expedientes y equipos topograficos | C7: 400000000 | D7: =+C7/$C$9 -> 0.039256037 | E7: =+D7*'COSTOS NOMINA OPERATIV PNUD '!$B$13 -> 1.0465217e+08 | F7: =+C7-E7 -> 2.9534783e+08 | G7: =+E7+F7 -> 400000000 | H7: =+' COSTOS MENSUALES ITEM (5)'!C5 -> 5347829.1
A8: 6 | B8: COSTOS DE MONTAJE, SEGUIMIENTO, MONITOREO TÉCNICO DEL PROYECTO | C8: 1673000000 | D8: =+C8/$C$9 -> 0.16418837 | E8: =+D8*'COSTOS NOMINA OPERATIV PNUD '!$B$13 -> 4.377077e+08 | F8: =+C8-E8 -> 1.2352923e+09 | G8: =+E8+F8 -> 1673000000 | H8: =+' COSTOS MENSUALES ITEM (6)'!C5 -> 11292295
B9: TOTAL | C9: =+SUM(C3:C8) -> 1.0189516e+10 | E9: =+SUM(E3:F8) -> 1.0189516e+10
C10: =+'RESUMEN PROYECCION '!C25-ACITIVIDAD!C9 -> 0 | F10: =+SUM(F3:F8) -> 7.5236283e+09

Sheet COSTOS NOMINA  OPERATIV PNUD 
A2: Presupuesto | B2: 10189515600 | C2: Participación %
A3: Implementación Acuerdo | B3: 7.5236283e+09 | C3: =+B3/$B$2 -> 0.73836957 | D3: =+B3/14 -> 5.3740202e+08
A4: Costo admon Operador 6% | B4: =+(B3*0.06) -> 4.514177e+08 | C4: =+B4/$B$2 -> 0.044302174 | D4: =+B4/14 -> 32244121
A5: Costos Nomina Nacional 14 meses | B5: =+'DESAGRECACIÓN DE GASTOS PNUD'!P14 -> 1.0937035e+09 | C5: =+B5/$B$2 -> 0.10733617
A6: Gastos de viaje | B6: =+'DESAGRECACIÓN DE GASTOS PNUD'!P17 -> 88500000 | C6: =+B6/$B$2 -> 0.0086853982
A7: Gastos de oficina | B7: =+'DESAGRECACIÓN DE GASTOS PNUD'!P20 -> 144000000 | C7: =+B7/$B$2 -> 0.014132173
A8: DPC 2% | B8: =+B2*0.02 -> 203790312 | C8: =+B8/$B$2 -> 0.02 | D8: =+B8/14 -> 14556451
A9: GMS - general management services (5%) | B9: =+B2*0.05 -> 509475780 | C9: =+B9/$B$2 -> 0.05 | D9: =+B9/14 -> 36391127
A10: Evaluación Final | B10: 150000000 | C10: =+B10/$B$2 -> 0.014721014 | D10: =+B10/14 -> 10714286
A11: Auditorias, Microevaluaciones | B11: =+'DESAGRECACIÓN DE GASTOS PNUD'!P25 -> 25000000 | C11: =+B11/$B$2 -> 0.0024535023
B12: =+SUM(B3:B11)=B2 -> TRUE | C12: =+B2-SUM(B3:B11) -> 0 | D12: =+SUM(D3:D11) -> 6.31308e+08 | E12: =+D12*14 -> 8.8383121e+09
A13: total costos PNUD | B13: =+SUM(B4:B11) -> 2.6658873e+09 | C13: =+B13/B2 -> 0.26163043

Sheet DESAGRECACIÓN DE GASTOS PNUD
A2: Nomina Nacional | B2: 1 mes | C2: 2 mes | D2: 3 mes | E2: 4 mes | F2: 5 mes | G2: 6 mes | H2: 7 mes | I2: 8 mes | J2: 9 mes | K2: 10 mes | L2: 11 mes | M2: 12 mes | N2: 13 mes | O2: 14 mes | P2: Total
A3: Lider Proyecto - Nomina | B3: 13955053 | C3: 13955053 | D3: 13955053 | E3: 13955053 | F3: 13955053 | G3: 13955053 | H3: 13955053 | I3: 13955053 | J3: 13955053 | K3: 13955053 | L3: 13955053 | M3: 13955053 | N3: 13955053 | O3: 13955053 | P3: =SUM(B3:O3) -> 1.9537074e+08
A4: Manager Proyecto | B4: 0 | C4: 0 | D4: 0 | E4: 0 | F4: 0 | G4: 0 | H4: 15952365 | I4: 15952365 | J4: 15952365 | K4: 15952365 | L4: 15952365 | M4: 15952365 | N4: 15952365 | O4: 15952365 | P4: =SUM(B4:O4) -> 1.2761892e+08
A5: Ingeniero Catastral - Nomina | B5: 9352248.1 | C5: 9352248.1 | D5: 9352248.1 | E5: 9352248.1 | F5: 9352248.1 | G5: 9352248.1 | H5: 0 | I5: 0 | J5: 0 | K5: 0 | L5: 0 | M5: 0 | N5: 0 | O5: 0 | P5: =SUM(B5:O5) -> 56113489
A6: Ingeniera Topografica - Nomina | B6: 9352248.1 | C6: 9352248.1 | D6: 9352248.1 | E6: 9352248.1 | F6: 9352248.1 | G6: 9352248.1 | H6: 0 | I6: 0 | J6: 0 | K6: 0 | L6: 0 | M6: 0 | N6: 0 | O6: 0 | P6: =SUM(B6:O6) -> 56113489
A7: Lider Juridico - Nomina | B7: 11755428 | C7: 11755428 | D7: 11755428 | E7: 11755428 | F7: 11755428 | G7: 11755428 | H7: 0 | I7: 0 | J7: 0 | K7: 0 | L7: 0 | M7: 0 | N7: 0 | O7: 0 | P7: =SUM(B7:O7) -> 70532567
A8: Lider Social - Nomina | B8: 11755428 | C8: 11755428 | D8: 11755428 | E8: 11755428 | F8: 11755428 | G8: 11755428 | H8: 0 | I8: 0 | J8: 0 | K8: 0 | L8: 0 | M8: 0 | N8: 0 | O8: 0 | P8: =SUM(B8:O8) -> 70532567
A9: Monitoreo y seguimiento - Nomina | B9: 9352248.1 | C9: 9352248.1 | D9: 9352248.1 | E9: 9352248.1 | F9: 9352248.1 | G9: 9352248.1 | H9: 9352248.1 | I9: 9352248.1 | J9: 9352248.1 | K9: 9352248.1 | L9: 9352248.1 | M9: 9352248.1 | N9: 9352248.1 | O9: 9352248.1 | P9: =SUM(B9:O9) -> 1.3093147e+08
A10: Gestión Administrativa - Nomina | B10: 7709899.7 | C10: 7709899.7 | D10: 7709899.7 | E10: 7709899.7 | F10: 7709899.7 | G10: 7709899.7 | H10: 7709899.7 | I10: 7709899.7 | J10: 7709899.7 | K10: 7709899.7 | L10: 7709899.7 | M10: 7709899.7 | N10: 7709899.7 | O10: 7709899.7 | P10: =SUM(B10:O10) -> 1.079386e+08
A11: Gestión Logistica y Administrativa - Nomina | B11: 6544301.4 | C11: 6544301.4 | D11: 6544301.4 | E11: 6544301.4 | F11: 6544301.4 | G11: 6544301.4 | H11: 6544301.4 | I11: 6544301.4 | J11: 6544301.4 | K11: 6544301.4 | L11: 6544301.4 | M11: 6544301.4 | N11: 6544301.4 | O11: 6544301.4 | P11: =SUM(B11:O11) -> 91620220
A12: Gestión Logistica - Nomina | B12: 4000000 | C12: 4000000 | D12: 4000000 | E12: 4000000 | F12: 4000000 | G12: 4000000 | H12: 4000000 | I12: 4000000 | J12: 4000000 | K12: 4000000 | L12: 4000000 | M12: 4000000 | N12: 4000000 | O12: 4000000 | P12: =SUM(B12:O12) -> 56000000
A13: Gestión Financiera - Nomina | B13: 9352248.1 | C13: 9352248.1 | D13: 9352248.1 | E13: 9352248.1 | F13: 9352248.1 | G13: 9352248.1 | H13: 9352248.1 | I13: 9352248.1 | J13: 9352248.1 | K13: 9352248.1 | L13: 9352248.1 | M13: 9352248.1 | N13: 9352248.1 | O13: 9352248.1 | P13: =SUM(B13:O13) -> 1.3093147e+08
P14: =SUM(P3:P13) -> 1.0937035e+09
A16: Viajes | B16: 1 mes | C16: 2 mes | D16: 3 mes | E16: 4 mes | F16: 5 mes | G16: 6 mes | H16: 7 mes | I16: 8 mes | J16: 9 mes | K16: 10 mes | L16: 11 mes | M16: 12 mes | N16: 12 mes | O16: 12 mes | P16: Total
B17: =1500000*4 -> 6000000 | C17: =1500000*4 -> 6000000 | D17: =1500000*4 -> 6000000 | E17: =1500000*4 -> 6000000 | F17: =1500000*4 -> 6000000 | G17: =1500000*4 -> 6000000 | H17: =1500000*5 -> 7500000 | I17: =1500000*4 -> 6000000 | J17: =1500000*5 -> 7500000 | K17: =1500000*4 -> 6000000 | L17: =1500000*5 -> 7500000 | M17: =1500000*4 -> 6000000 | N17: =1500000*4 -> 6000000 | O17: =1500000*4 -> 6000000 | P17: =SUM(B17:O17) -> 88500000
A19: Costos de Operativos de Oficinas | B19: 1 mes | C19: 2 mes | D19: 3 mes | E19: 4 mes | F19: 5 mes | G19: 6 mes | H19: 7 mes | I19: 8 mes | J19: 9 mes | K19: 10 mes | L19: 11 mes | M19: 12 mes | N19: 12 mes | O19: 12 mes | P19: Total
B20: =1200000*10 -> 12000000 | C20: =1200000*10 -> 12000000 | D20: =1200000*10 -> 12000000 | E20: =1200000*10 -> 12000000 | F20: =1200000*10 -> 12000000 | G20: =1200000*10 -> 12000000 | H20: =1200000*9 -> 10800000 | I20: =1200000*9 -> 10800000 | J20: =1200000*7 -> 8400000 | K20: =1200000*7 -> 8400000 | L20: =1200000*7 -> 8400000 | M20: =1200000*7 -> 8400000 | N20: =1200000*7 -> 8400000 | O20: =1200000*7 -> 8400000 | P20: =SUM(B20:O20) -> 144000000
A22: Auditoria | B22: 1 mes | C22: 2 mes | D22: 3 mes | E22: 4 mes | F22: 5 mes | G22: 6 mes | H22: 7 mes | I22: 8 mes | J22: 9 mes | K22: 10 mes | L22: 11 mes | M22: 12 mes | N22: 13 mes | O22: 14 mes | P22: Total
B23: 10000000 | C23: 10000000 | D23: 0 | E23: 0 | F23: 0 | G23: 0 | H23: 0 | I23: 0 | J23: 0 | K23: 0 | L23: 0 | M23: 0 | N23: 0 | O23: 0 | P23: =SUM(B23:M23) -> 20000000
A24: Microevaluacion capacidades | B24: 5000000 | C24: 0 | D24: 0 | E24: 0 | F24: 0 | G24: 0 | H24: 0 | I24: 0 | J24: 0 | K24: 0 | L24: 0 | M24: 0 | N24: 0 | O24: 0 | P24: =SUM(B24:M24) -> 5000000
M25: Total | P25: =SUM(P23:P24) -> 25000000
P27: =SUM(P14,P17,P20,P25) -> 1.3512035e+09
B28: 1 mes | C28: 2 mes | D28: 3 mes | E28: 4 mes | F28: 5 mes | G28: 6 mes | H28: 7 mes | I28: 8 mes | J28: 9 mes | K28: 10 mes | L28: 11 mes | M28: 12 mes | N28: 13 mes | O28: 14 mes | P28: Total
A29: TOTAL POR MES GASTOS PNUD | B29: =B24+B23+B20+B17+SUM(B3:B13) -> 1.261291e+08 | C29: =C24+C23+C20+C17+SUM(C3:C13) -> 1.211291e+08 | D29: =D24+D23+D20+D17+SUM(D3:D13) -> 1.111291e+08 | E29: =E24+E23+E20+E17+SUM(E3:E13) -> 1.111291e+08 | F29: =F24+F23+F20+F17+SUM(F3:F13) -> 1.111291e+08 | G29: =G24+G23+G20+G17+SUM(G3:G13) -> 1.111291e+08 | H29: =H24+H23+H20+H17+SUM(H3:H13) -> 85166115 | I29: =I24+I23+I20+I17+SUM(I3:I13) -> 83666115 | ... P29: =P24+P23+P20+P17+SUM(P3:P13) -> 1.3512035e+09
A30: COSTO PROYECTADO POR MES ACTIVIDADES ANT | B30: =+'COSTOS NOMINA OPERATIV PNUD '!$D$12 -> 6.31308e+08 | C30: =+'COSTOS NOMINA OPERATIV PNUD '!$D$12 -> 6.31308e+08 | D30: =+'COSTOS NOMINA OPERATIV PNUD '!$D$12 -> 6.31308e+08 | E30: =+'COSTOS NOMINA OPERATIV PNUD '!$D$12 -> 6.31308e+08 | F30: =+'COSTOS NOMINA OPERATIV PNUD '!$D$12 -> 6.31308e+08 | G30: =+'COSTOS NOMINA OPERATIV PNUD '!$D$12 -> 6.31308e+08 | H30: =+'COSTOS NOMINA OPERATIV PNUD '!$D$12 -> 6.31308e+08 | I30: =+'COSTOS NOMINA OPERATIV PNUD '!$D$12 -> 6.31308e+08 | ... O30: =+'COSTOS NOMINA OPERATIV PNUD '!$D$12 -> 6.31308e+08 | P30: =+SUM(B30:O30) -> 8.8383121e+09
A31: OTAL PROTECTADO POR MES | B31: =+B29+B30 -> 7.5743711e+08 | C31: =+C29+C30 -> 7.5243711e+08 | D31: =+D29+D30 -> 7.4243711e+08 | E31: =+E29+E30 -> 7.4243711e+08 | F31: =+F29+F30 -> 7.4243711e+08 | G31: =+G29+G30 -> 7.4243711e+08 | H31: =+H29+H30 -> 7.1647412e+08 | I31: =+I29+I30 -> 7.1497412e+08 | ... O31: =+O29+O30 -> 7.1257412e+08 | P31: =+SUM(B31:O31) -> 1.0189516e+10

Sheet  COSTOS MENSUALES ITEM (1)
A2: TOTAL POR ACTIVIDAD
A4: Ítem | B4: DISPONIBLE | C4: DIFERENCIA ENTRE DISPONIBLE Y PRESUPUESTO
A5: Puesta en marcha de puntos para la atención del barrido predial masivo bajo la coordinación de las UGT | B5: =+ACITIVIDAD!F3 -> 1.9614903e+09 | C5: =+B5-F19 -> 7890288.6
F6: =C11*120 -> 480000000
A8: RESUMEN DE COSTOS MENSUALES
A9: MUNICIPIO | G9: =+F9/10 -> 0
A10: PARENT | B10: GASTO | C10: VALOR | D10: CANTIDAD | E10: MESES | F10: TOTAL
B11: ARRIENDO OFICINAS | C11: 4000000 | D11: 10 | E11: 11.1 | F11: =+C11*D11*E11 -> 444000000
B12: INTERNET BANDA ANCHA | C12: 600000 | D12: 10 | E12: 11.1 | F12: =+C12*D12*E12 -> 66600000
B13: SERVICIOS OFICINA | C13: 1500000 | D13: 10 | E13: 11.1 | F13: =+C13*D13*E13 -> 166500000
B14: ALARMA OFICINA | C14: 1000000 | D14: 10 | E14: 11.1 | F14: =+C14*D14*E14 -> 111000000
B15: ALQUILER DE COMPUTADORES | C15: =150000*70 -> 10500000 | D15: 10 | E15: 11.1 | F15: =+C15*D15*E15 -> 1165500000
F16: =+C16*D16*E16 -> 0
F17: =+C17*D17*E17 -> 0
F18: =+C18*D18*E18 -> 0
A19: Total operación municipio mes | C19: =SUM(C11:C18) -> 17600000 | F19: =SUM(F11:F18) -> 1953600000

Sheet  COSTOS MENSUALES ITEM (2)
A2: TOTAL POR ACTIVIDAD
A4: Ítem | B4: DISPONIBLE | C4: DIFERENCIA ENTRE DISPONIBLE Y PRESUPUESTO
A5: Desarrollo de actividades de atención al público y soporte técnico al barrido predial en municipios priorizados | B5: =+ACITIVIDAD!F4 -> 1.2736875e+09 | C5: =+B5-F19 -> 2277315.9 | D5: =+C5+' COSTOS MENSUALES ITEM (3)'!C5+' COSTOS MENSUALES ITEM (4)'!C5+' COSTOS MENSUALES ITEM (5)'!C5+' COSTOS MENSUALES ITEM (6)'!C5 -> 30222795
A8: RESUMEN DE COSTOS MENSUALES
A9: MUNICIPIO
A10: PARENT | B10: CONCEPTO | C10: VALOR | D10: CANTIDAD | E10: MESES | F10: TOTAL
B11: Jornadas sociales y comunitarias | C11: 1441508.2 | D11: 12 | E11: 14 | F11: =(+C11*D11)*E11 -> 2.4217337e+08
B12: Jornadas RESO | C12: 1441508.2 | D12: 40 | E12: 14 | F12: =(+C12*D12)*E12 -> 8.0724457e+08
B13: Jornadas de capacitación institucional y comunitaria | C13: 1441508.2 | D13: 11 | E13: 14 | F13: =(+C13*D13)*E13 -> 2.2199226e+08
F14: =(+C14*D14)*12 -> 0
F15: =(+C15*D15)*12 -> 0
F16: =(+C16*D16)*12 -> 0
F17: =(+C17*D17)*12 -> 0
F18: =(+C18*D18)*12 -> 0
A19: Total operación municipio mes | C19: =F19/12 -> 1.0595085e+08 | F19: =SUM(F11:F18) -> 1.2714102e+09

Sheet  COSTOS MENSUALES ITEM (3)
A2: TOTAL POR ACTIVIDAD
A4: Ítem | B4: DISPONIBLE | C4: DIFERENCIA ENTRE DISPONIBLE Y PRESUPUESTO
A5: Transporte | B5: =+ACITIVIDAD!F5 -> 8.4912501e+08 | C5: =+B5-F15 -> 8805008.7
A8: RESUMEN DE COSTOS MENSUALES
A9: MUNICIPIO
A10: PARENT | B10: CONCEPTO | C10: VALOR | D10: CANTIDAD | E10: MESES | F10: TOTAL
B11: Camionetas | C11: 8000000 | D11: 10.4 | E11: 10.1 | F11: =+C11*D11*E11 -> 840320000
F12: =+C12*D12*E12 -> 0
F13: =+C13*D13*E13 -> 0
F14: =+C14*D14*E14 -> 0
A15: Total operación municipio mes | C15: =SUM(C11:C14) -> 8000000 | F15: =SUM(F11:F14) -> 840320000

Sheet  COSTOS MENSUALES ITEM (4)
A2: TOTAL POR ACTIVIDAD
A4: Ítem | B4: DISPONIBLE | C4: DIFERENCIA ENTRE DISPONIBLE Y PRESUPUESTO
A5: Soporte de alquiler de equipos para el desarrollo de barridos prediales masivos | B5: =+ACITIVIDAD!F6 -> 1.9086853e+09 | C5: =+B5-F15 -> 2500345.6
A8: RESUMEN DE COSTOS MENSUALES
A9: MUNICIPIO
A10: PARENT | B10: CONCEPTO | C10: VALOR | D10: CANTIDAD | E10: MESES | F10: TOTAL
B11: Compra o Alquiler equipos GNSS por oficina | C11: 33000000 | D11: 56 | E11: 0 | F11: =+C11*D11 -> 1848000000
B12: Compra de radio | C12: 235000 | D12: 171 | F12: =+C12*D12 -> 40185000
B13: Tablet | C13: 1200000 | D13: 15 | F13: =+C13*D13 -> 18000000
F14: =+C14*D14 -> 0
A15: Total operación municipio mes | C15: =SUM(C11:C14) -> 34435000 | F15: =SUM(F11:F14) -> 1906185000

Sheet  COSTOS MENSUALES ITEM (5)
A2: TOTAL POR ACTIVIDAD
A4: Ítem | B4: DISPONIBLE | C4: DIFERENCIA ENTRE DISPONIBLE Y PRESUPUESTO
A5: Traslados expedientes y equipos topograficos | B5: =+ACITIVIDAD!F7 -> 2.9534783e+08 | C5: =+B5-F17 -> 5347829.1
A8: RESUMEN DE COSTOS MENSUALES
A9: MUNICIPIO | G9: =+F9/10 -> 0
A10: PARENT | B10: CONCEPTO | C10: VALOR | D10: CANTIDAD | E10: MESES | F10: TOTAL
B11: Envío o traslado de equipos de topografía | C11: 5000000 | D11: 29 | F11: =+C11*D11 -> 145000000
B12: Envío o traslado de expedientes prediales | C12: 5000000 | D12: 29 | F12: =+C12*D12 -> 145000000
F13: =+C13*D13 -> 0
F14: =+C14*D14 -> 0
F15: =+C15*D15 -> 0
F16: =+C16*D16 -> 0
A17: Total operación municipio mes | C17: =SUM(C11:C16) -> 10000000 | F17: =SUM(F11:F16) -> 290000000

Sheet  COSTOS MENSUALES ITEM (6)
A2: TOTAL POR ACTIVIDAD | C2: COSTOS DE MONTAJE, SEGUIMIENTO, MONITOREO TÉCNICO DEL PROYECTO
A4: Ítem | B4: DISPONIBLE | C4: DIFERENCIA ENTRE DISPONIBLE Y PRESUPUESTO
A5: MONTAJE OFICINA | B5: =+ACITIVIDAD!F8 -> 1.2352923e+09 | C5: =+B5-F17 -> 11292295
A8: RESUMEN DE COSTOS MENSUALES
A9: MUNICIPIO | G9: =+F9/10 -> 0
A10: PARENT | B10: CONCEPTO | C10: VALOR | D10: CANTIDAD | E10: MESES | F10: TOTAL
B11: Compra 70 puestos de trabajo | C11: =1200000 -> 1200000 | D11: 67 | E11: 10 | F11: =+C11*D11*E11 -> 804000000
B12: Traslado y montaje de 10 oficinas | C12: =200000*70*10 -> 140000000 | D12: 3 | F12: =+C12*D12 -> 420000000
F13: =+C13*D13 -> 0
F14: =+C14*D14 -> 0
F15: =+C15*D15 -> 0
F16: =+C16*D16 -> 0
A17: Total operación municipio mes | C17: =SUM(C11:C16) -> 141200000 | F17: =SUM(F11:F16) -> 1224000000
B23: 200000 | C23: 1200000
B24: 700 | C24: 70
B25: =B23*B24 -> 140000000 | C25: =C23*C24 -> 84000000 | D25: 10 | E25: =C25*D25 -> 840000000
